Map: Orbital Shipyard

Players

Miszu - Winner!

  • Race: Terran Terran
  • League: Master

Paladin

  • Race: Protoss Protoss
  • League: Master

VOD

Have the link to the VOD?

Description

Time

  • Played on: March 8, 2016, 12:50 p.m.
  • Length: 5:08
Show
View Real Time Build Order
Export as new Build Order

Miszu Terran - Winner!

Build Orders: Liberator Opening 

Get SALT Encoding   

  12  0:01  SCV  
  13  0:13  SCV  
  14  0:17  Supply Depot  
  14  0:25  SCV  
  15  0:39  SCV  
  16  0:43  Barracks  
  16  0:47  Refinery  
  16  0:51  SCV  
  17  1:03  SCV  
  18  1:15  SCV  
  19  1:29  Orbital Command  
  19  1:31  Barracks Reactor  
  19  1:40  Command Center  
  19  1:53  Supply Depot  
  19  1:55  SCV  
  19  2:01  Refinery  
  20  2:08  Factory  
  20  2:09  SCV  
  20  2:13  Marine x2  
  23  2:21  SCV  
  24  2:31  Marine x2  
  24  2:33  SCV  
  27  2:45  SCV  
  28  2:52  Orbital Command  
  28  2:53  Starport, Factory Tech Lab  
  28  2:55  Marine  
  28  2:57  SCV  
  30  2:59  Marine  
  31  3:09  SCV  
  32  3:13  Marine  
  32  3:18  Marine, SCV  
  35  3:20  Liberator  
  35  3:21  Cyclone, SCV  
  39  3:27  Supply Depot  
  39  3:30  SCV  
  39  3:33  SCV  
  44  3:41  Marine  
  44  3:43  SCV  
  46  3:49  Marine, SCV  
  46  3:50  Supply Depot  
  46  3:53  Supply Depot  
  48  3:58  SCV  
  48  4:00  Marine  
  48  4:02  SCV  
  51  4:10  SCV  
  51  4:14  SCV  
  51  4:16  Siege Tank  
  56  4:18  Marine  
  56  4:19  Marine  
  58  4:30  SCV  
  52  4:45  Marine x2  
Show
View Real Time Build Order
Export as new Build Order

Paladin Protoss 

Build Orders:  

Get SALT Encoding   

  12  0:01  Probe (Chrono Boost)  
  13  0:11  Probe (Chrono Boost)  
  14  0:22  Pylon, Probe (Chrono Boost)  
  15  0:40  Probe (Chrono Boost)  
  15  0:42  Gateway  
  16  0:50  Probe (Chrono Boost)  
  16  0:52  Assimilator  
  17  1:01  Probe (Chrono Boost)  
  17  1:02  Assimilator  
  18  1:11  Probe (Chrono Boost)  
  19  1:22  Probe (Chrono Boost)  
  20  1:34  Cybernetics Core  
  20  1:39  Gateway  
  20  1:40  Probe (Chrono Boost)  
  20  1:45  Pylon  
  21  1:51  Probe (Chrono Boost)  
  23  2:01  Probe (Chrono Boost)  
  23  2:11  Adept  
  23  2:12  Mothership Core (Chrono Boost), Warp Gate (Chrono Boost)  
  27  2:26  Stalker  
  27  2:27  Pylon  
  29  2:33  Gateway  
  29  2:41  Stalker  
  31  2:56  Stalker  
  31  2:58  Gateway  
  33  3:11  Stalker  
  35  3:21  Stalker, Pylon  
  35  3:24  Pylon  
  37  3:39  Stalker (Chrono Boost)  
  39  4:11  Stalker x3  
  39  4:15  Stalker  
  41  4:39  Stalker x4  
Tags
 
Add a new tag
Caveats
  • Supply blocks, unpowered buildings, or Contaminate may cause inaccurate times.
  • Supply counts are checked every 10 seconds.